 Dungeon Crawl Stone Soup version 0.26-a0-1164-g1a551d6a14 (webtiles) character file.

Game seed: 11665944145874364486

4913 voltaire321 the Cleaver (level 10, -10/86 HPs)
             Began as a Hill Orc Fighter on Dec 24, 2020.
             Mangled by a two-headed ogre
             ... wielding a +0 giant spiked club
              (28 damage)
             ... on level 9 of the Dungeon.
             The game lasted 00:23:29 (7568 turns).

voltaire321 the Cleaver (Hill Orc Fighter)          Turns: 7568, Time: 00:23:30

Health: -10/86     AC: 17    Str: 29      XL:     10   Next: 51%
Magic:  10/10      EV: 10    Int: 13      God:
Gold:   424        SH: 11    Dex:  9 (10) Spells: 9/9 levels left

rFire    . . .     SeeInvis .   a - +8 war axe
rCold    + . .     Faith    .   c - +0 kite shield
rNeg     . . .     Spirit   .   f - +3 scale mail of Rotation {Regen+ Int+5}
rPois    .         Reflect  .   x - +1 hat
rElec    .         Harm     .   H - +0 cloak
rCorr    .         Rampage  .   t - +2 pair of gloves
Will     .....                  C - +0 pair of boots
Stlth    ..........             (no amulet)
HPRegen  0.64/turn              B - +6 ring of strength
MPRegen  0.12/turn              L - ring of protection from cold

@: no status effects
A: no striking features
a: no special abilities


You were on level 9 of the Dungeon.
You visited 2 branches of the dungeon, and saw 11 of its levels.

You collected 424 gold pieces.

Inventory:

Hand Weapons
 a - a +8 war axe (weapon)
Missiles
 i - 14 boomerangs (quivered)
 I - 7 datura-tipped darts
 K - 10 poisoned darts
Armour
 c - a +0 kite shield (worn)
 f - the +3 scale mail of Rotation (worn) {Regen+ Int+5}
   (You found it on level 5 of the Dungeon)

   It affects your intelligence (+5).
   It increases your rate of regeneration.
 t - a +2 pair of gloves (worn)
 x - a +1 hat (worn)
 C - a +0 pair of boots (worn)
 H - a +0 cloak (worn)
Jewellery
 o - an uncursed ring of flight
 p - a +6 ring of intelligence
 w - an uncursed ring of magical power
 B - a +6 ring of strength (left hand)
 L - a ring of protection from cold (right hand)
Wands
 k - a wand of iceblast (16)
 r - a wand of paralysis (13)
 y - a wand of acid (15)
 E - a wand of enslavement (19)
Scrolls
 b - 2 scrolls of amnesia
 e - 4 scrolls of remove curse
 j - a scroll of immolation
 n - 8 scrolls of identify
 q - 5 scrolls of teleportation
 F - 2 scrolls of magic mapping
 G - a scroll of enchant armour
Potions
 d - 2 potions of might
 g - a potion of heal wounds {unknown}
 h - a potion of brilliance {unknown}
 l - 2 potions of flight {unknown}
 m - 4 potions of mutation {unknown}
 s - a potion of resistance
 u - 2 potions of curing {unknown}
 v - 4 potions of attraction {unknown}
 z - a potion of lignification {unknown}
 A - 2 potions of degeneration {unknown}
 D - a potion of ambrosia {unknown}


   Skills:
 + Level 7.6 Fighting
 * Level 13.2 Axes
 + Level 7.2 Armour
 + Level 4.0 Dodging
 - Level 0.7 Stealth
 + Level 7.0 Shields


You had 9 spell levels left.
You didn't know any spells.
Your spell library contained the following spells:

 Spells                   Type           Power        Failure   Level
 Sandblast                Erth           0%           86%         1
 Passwall                 Tmut/Erth      0%           95%         2
 Confusing Touch          Hex            0%           99%         3
 Gell's Gravitas          Tloc           0%           99%         3
 Stone Arrow              Conj/Erth      0%           99%         3
 Petrify                  Tmut/Erth      0%           100%        4
 Lee's Rapid Deconstruct  Erth           0%           100%        5
 Metabolic Englaciation   Hex/Ice        0%           100%        5
 Yara's Violent Unravell  Hex/Tmut       0%           100%        5


Dungeon Overview and Level Annotations

Branches:
Dungeon (10/15)            Temple (1/1) D:5            Lair (0/6) D:8
    Orc: D:9-12

Altars:
Ashenzari
Cheibriados
Dithmenos
Elyvilon
Fedhas
Gozag
Hepliaklqana
Kikubaaqudgha
Nemelex Xobeh
Okawaru
Qazlal
Ru
Sif Muna
Trog
Uskayaw
Vehumet
Wu Jian
Xom
Yredelemnul
Zin
The Shining One

Shops:
D:4 (*   D:9 [

Annotations:
D:9 1 transporter, Lobster4's ghost, journeyman HaHu


Message History

The moth of wrath bites you.
You completely miss the moth of wrath.
The moth of wrath is almost dead.
You hit the two-headed ogre.
The moth of wrath goads the two-headed ogre on!
The two-headed ogre goes berserk!
The two-headed ogre hits you with a +0 giant spiked club!
The two-headed ogre completely misses you.
You closely miss the moth of wrath.
The moth of wrath is almost dead.
You slash the two-headed ogre! The moth of wrath barely misses you.
The two-headed ogre hits you with a +0 giant spiked club!!
The two-headed ogre hits you with a +0 giant club!!
The moth of wrath bites you!
* * * LOW HITPOINT WARNING * * *
You slash the moth of wrath!
You kill the moth of wrath!
You barely miss the two-headed ogre.
The two-headed ogre hits you with a +0 giant spiked club!!
You die...

#.##.###.##
.Co..# .# #
#..#
.#...## .
#.##/##..#≈
# ..#.#
≈??(## .#
...#©.##._.
#.
....#.....
.# ...>.
#.... .#
......
#....###..#
#...O@†#
###.©?##
#####
...©...
###...###
##.## ..#
###


You could see a two-headed ogre (berserk).

Vanquished Creatures
  A two-headed ogre (D:8)
  A moth of wrath (D:9)
  5 wyverns
  2 basilisks (D:8)
  Menkaure (D:7)
  Duvessa (D:5)
  A black bear (D:7)
  A swamp drake (D:8)
  2 ice beasts
  An orc warrior (D:8)
  A phantom (D:4)
  2 sky beasts
  3 ogres
  3 centaurs
  Blork the orc (D:5)
  3 bullfrogs
  Dowan (D:5)
  A scorpion (D:7)
  7 wights (D:7)
  2 howler monkeys
  2 quasits
  A centaur zombie (D:8)
  10 hounds
  3 orc wizards
  An orc priest (D:2)
  A bullfrog skeleton (D:5)
  A gnoll shaman (D:6)
  Terence (D:3)
  2 iguanas
  2 worker ants
  A hound zombie (D:7)
  A hound skeleton (D:6)
  A howler monkey zombie (D:8)
  2 worker ant zombies
  9 gnolls
  11 adders
  A shadow imp (D:7)
  A white imp (D:5)
  2 ufetubi
  4 worms
  A dart slug (D:3)
  4 leopard geckos
  27 orcs
  6 giant cockroaches
  9 goblins
  10 hobgoblins
  15 jackals
  2 kobolds
  3 quokkas
  3 ball pythons (D:1)
  13 bats
  10 frilled lizards
  A quokka skeleton (D:5)
  6 rats
207 creatures vanquished.

Notes
Turn   | Place    | Note
-------+----------+-------------------------------------------
     0 | D:1      | voltaire321 the Hill Orc Fighter began the quest for the
                  | Orb.
     0 | D:1      | Reached XP level 1. HP: 19/19 MP: 1/1
   245 | D:1      | Reached XP level 2. HP: 27/27 MP: 2/2
   267 | D:1      | Reached skill level 3 in Axes
   453 | D:1      | Reached XP level 3. HP: 26/31 MP: 3/3
  1090 | D:2      | Reached skill level 4 in Axes
  1090 | D:2      | Reached XP level 4. HP: 17/40 MP: 4/4
  1622 | D:2      | Reached XP level 5. HP: 46/46 MP: 5/5
  2177 | D:3      | Reached skill level 5 in Axes
  2510 | D:3      | Noticed Terence
  2522 | D:3      | Killed Terence
  2523 | D:3      | Reached XP level 6. HP: 50/53 MP: 6/6
  2701 | D:4      | Reached skill level 6 in Axes
  2855 | D:4      | Found Sootweq's Weapon Emporium.
  2882 | D:4      | Found a hide-covered altar of Uskayaw.
  3027 | D:4      | Reached skill level 1 in Dodging
  3199 | D:4      | Found Qyijerr's Lightly-Used Armoury.
  3280 | D:4      | Noticed a phantom
  3292 | D:4      | Killed a phantom
  3293 | D:4      | Reached skill level 7 in Axes
  3293 | D:4      | Reached XP level 7. HP: 57/60 MP: 7/7
  3446 | D:5      | Entered Level 5 of the Dungeon
  3499 | D:5      | Reached skill level 8 in Axes
  3595 | D:5      | Found a staircase to the Ecumenical Temple.
  3601 | Temple   | Entered the Ecumenical Temple
  3827 | D:5      | Noticed Duvessa
  3828 | D:5      | Noticed Dowan
  3840 | D:5      | Killed Dowan
  3845 | D:5      | Killed Duvessa
  3924 | D:5      | Reached XP level 8. HP: 52/67 MP: 8/8
  3932 | D:5      | Reached skill level 9 in Axes
  3938 | D:5      | Got a translucent scale mail
  3942 | D:5      | Identified the +3 scale mail of Rotation {Regen+ Int+5}
                  | (You found it on level 5 of the Dungeon)
  3957 | D:5      | Reached skill level 5 in Fighting
  3976 | D:5      | Noticed Blork the orc
  4362 | D:5      | Killed Blork the orc
  4647 | D:6      | Reached skill level 10 in Axes
  4701 | D:6      | Reached skill level 5 in Armour
  4750 | D:6      | Reached skill level 5 in Shields
  4925 | D:6      | Found a sparkling altar of Nemelex Xobeh.
  5213 | D:7      | You fall into a shaft and drop 3 floors!
  5213 | D:10     | Entered Level 10 of the Dungeon
  5228 | D:10     | Reached skill level 11 in Axes
  5249 | D:10     | Reached XP level 9. HP: 74/74 MP: 9/9
  5381 | D:10     | Noticed a vault guard
  5761 | D:7      | Found a broken altar of Ashenzari.
  6116 | D:7      | Noticed Menkaure
  6120 | D:7      | Killed Menkaure
  6121 | D:7      | Reached skill level 12 in Axes
  6720 | D:8      | Reached XP level 10. HP: 62/84 MP: 10/10
  6956 | D:8      | Found a staircase to the Lair.
  7106 | D:8      | Noticed a two-headed ogre
  7112 | D:8      | Killed a two-headed ogre
  7113 | D:8      | Reached skill level 13 in Axes
  7433 | D:9      | Found Ukkinopt's Armour Shoppe.
  7535 | D:9      | Found a transporter.
  7546 | D:9      | Noticed a two-headed ogre
  7553 | D:9      | Noticed a cyclops
  7553 | D:9      | Noticed Lobster4's ghost (journeyman HaHu)
  7558 | D:9      | Identified the +6 broad axe of Yriul {antimagic, *Rage
                  | Int+4 SInv}
  7561 | D:9      | Found a bloodstained altar of Trog.
  7561 | D:9      | Found a transporter.
  7562 | D:9      | Noticed a two-headed ogre
  7562 | D:9      | Noticed a moth of wrath
  7568 | D:9      | Killed a moth of wrath
  7568 | D:9      | Mangled by a two-headed ogre

Illustrated notes

Levels and vault maps discovered:
D:1:      nzn_arrival_depleted_hourglass, layout_loops_ring, serial_forest,
          infiniplex_forest_lined_room_2, infiniplex_forest_lined_room_3,
          infiniplex_forest_lined_ring, infiniplex_forest_clump_medium,
          infiniplex_forest_lined_2, infiniplex_forest_fountain,
          kennysheep_minor_cross
D:2:      layout_loops_ring, moated_statue
D:3:      layout_rooms, uniq_terence
D:4:      lemuel_upstairs_altar, layout_loops_cross, overflow_temple_1_default,
          serial_shops, shop_fountains, minmay_shop_damaged
D:5:      layout_loops_ring, minmay_temple_entry_fiery, minmay_statues_item,
          uniq_blork_the_orc, uniq_duvessa
D:6:      layout_basic, basic_altar, feat_on_display
D:7:      layout_loops_cross, nicolae_ashenzari_panopticon, uniq_menkaure
D:8:      layout_loops_corners, erik_lair_dragon
D:9:      layout_loops_cross, gammafunk_temple_overflow_elements, serial_shops,
          shop, gammafunk_ghost_wrathful_warriors, worms_lemuel
D:10:     layout_long_grid, erik_orc_3, enter_trove_5, amethyst_killhole
Temple:   hc_temple_tempest_star

Skill      XL: |  1  2  3  4  5  6  7  8  9 10 |
---------------+-------------------------------+-----
Axes           | 3 4 5 7 8 11 12 13 | 13.2
Fighting       | 4 5 6 7 |  7.6
Shields        | 4 5 6 7 |  7.0
Armour         | 4 5 6 7 |  7.2
Dodging        | 1 2 3 4 |  4.0
Stealth        | |  0.7

Action                   |  1- 3 |  4- 6 |  7- 9 | 10-12 || total
-------------------------+-------+-------+-------+-------++-------
Melee: War axe           |   119 |   179 |   288 |    82 ||   668
  Use: Scroll            |       |     6 |     8 |     5 ||    19
Armor: Scale mail        |    66 |    87 |   136 |    41 ||   330
       Skin              |       |       |     1 |       ||     1
Dodge: Dodged            |    38 |    54 |    93 |    26 ||   211
Block: Kite shield       |    72 |   124 |   148 |    29 ||   373

Table legend: (Time is in decaauts)
 A = Elapsed time spent in this place.
 B = Non-inter-level travel time spent in this place.
 C = Inter-level travel time spent in this place.
 D = Time resting spent in this place.
 E = Time spent auto-exploring this place.
 F = Levels seen in this place.
 G = Mean time per level.
                   A        B        C        D        E       F      G
               +--------+--------+--------+--------+--------+-----+--------+
         Total |   7712 |   7455 |    257 |    963 |   4366 |  11 |  701.1 |
       Dungeon |   7544 |   7287 |    257 |    963 |   4232 |  10 |  754.4 |
        Temple |    167 |    167 |      0 |      0 |    134 |   1 |  167.0 |
               +--------+--------+--------+--------+--------+-----+--------+

Top non-repeatable levels by time:
     D:2: 1119 daAuts
     D:8: 1119 daAuts
     D:1: 1093 daAuts
     D:4: 1004 daAuts
     D:7: 895 daAuts
     D:5: 836 daAuts
     D:3: 566 daAuts
     D:6: 487 daAuts
     D:9: 229 daAuts
    D:10: 193 daAuts
  Temple: 167 daAuts
